 Dungeon Crawl Stone Soup version 0.24-a0-586-g8e0e932a4c (webtiles) character file.

Game seed: 12705314844964452085, levelgen mode: deterministic

96526 Flugkiller the Stormcaller (level 16, -9/96 HPs)
             Began as a Tengu Air Elementalist on Sept 7, 2019.
             Was a High Priest of Sif Muna.
             Splashed by an acid dragon's acid (14 damage)
             ... on level 15 of the Dungeon on Sept 8, 2019.
             The game lasted 01:12:48 (44662 turns).

Flugkiller the Stormcaller (TeAE)                  Turns: 44662, Time: 01:12:48

Health: -9/96      AC:  9    Str:  8    XL:     16   Next: 17%
Magic:  32/45      EV: 23    Int: 23    God:    Sif Muna [*****.]
Gold:   1227       SH:  0    Dex: 15    Spells: 29/45 levels left

rFire    . . .     SeeInvis .   O - +7 spear "Ydycod" {elec, *Noise rPois rN+++ MR+}
rCold    . . .     Gourm    .   (no shield)
rNeg     + + +     Faith    .   X - +1 robe {Archmagi}
rPois    +         Spirit   .   (helmet restricted)
rElec    .         Reflect  .   n - +2 cloak
rCorr    .         Harm     .   l - +2 pair of gloves
MR       ++...                  (boots unavailable)
Stlth    +++.......             (no amulet)
HPRegen  0.26/turn              K - ring of magical power
MPRegen  0.29/turn              S - ring of stealth

@: flying quickly and evasively, quick
A: beak, talons 3, able to fly
a: Stop Flying, Channel Magic, Forget Spell, Divine Exegesis, Renounce Religion


You were on level 15 of the Dungeon.
You worshipped Sif Muna.
Sif Muna was extremely pleased with you.
You were not hungry.

You visited 2 branches of the dungeon, and saw 21 of its levels.
You also visited: Ice Cave.

You collected 1429 gold pieces.
You spent 202 gold pieces at shops.

Inventory:

Hand Weapons
 w - a +3 dagger of electrocution
   (You took it off an orc wizard on level 4 of the Dungeon)
 O - the +7 spear "Ydycod" (weapon) {elec, *Noise rPois rN+++ MR+}
   (You found it on level 5 of the Lair of Beasts)

   Occasionally, upon striking a foe, it will discharge some electrical energy
   and cause terrible harm.
   It protects you from poison.
   It renders you almost immune to negative energy.
   It affects your resistance to hostile enchantments.
   It may make noises in combat.
Missiles
 C - 2 throwing nets (quivered)
 D - 8 curare-tipped darts
Armour
 l - a +2 pair of gloves (worn)
   (You found it on level 2 of the Dungeon)
 n - a +2 cloak (worn)
   (You found it on level 2 of the Dungeon)
 o - a scarf of spirit shield
   (You found it on level 2 of the Dungeon)
 G - a +0 robe of fire resistance
   (You took it off an orc wizard on level 9 of the Dungeon)
 X - a +1 robe of the Archmagi (worn)
   (You took it off an orc wizard on level 13 of the Dungeon)
Jewellery
 e - an uncursed ring of poison resistance
   (You found it on level 8 of the Dungeon)
 g - an uncursed ring of ice
   (You found it on level 2 of the Lair of Beasts)
 K - a ring of magical power (left hand)
   (You found it on level 1 of the Lair of Beasts)
 S - a ring of stealth (right hand)
   (You found it on level 11 of the Dungeon)
 U - an uncursed amulet of faith
   (You took it off an orc on level 11 of the Dungeon)
Wands
 k - a wand of paralysis (28)
   (You found it on level 7 of the Dungeon)
 p - a wand of digging (5)
   (You found it on level 3 of the Dungeon)
 r - a wand of flame (43)
   (You found it on level 5 of the Dungeon)
 t - a wand of iceblast (12)
   (You took it off an orc on level 3 of the Dungeon)
 y - a wand of enslavement (12)
   (You found it on level 5 of the Dungeon)
 F - a wand of clouds (7)
   (You found it on level 8 of the Dungeon)
 Q - a wand of acid (6)
   (You found it on level 6 of the Lair of Beasts)
 R - a wand of disintegration (4)
   (You found it on level 10 of the Dungeon)
Scrolls
 a - 2 scrolls of holy word
 d - 4 scrolls of amnesia
 f - 8 scrolls of remove curse
 m - 3 scrolls of blinking
 q - 3 scrolls of immolation
 s - a scroll of enchant armour
 A - 2 scrolls of summoning
 B - 5 scrolls of teleportation
 H - 6 scrolls of fear
 I - 6 scrolls of fog
 J - 3 scrolls of enchant weapon
 T - 7 scrolls of identify
 V - a scroll of acquirement
Potions
 b - 2 potions of magic
 h - 4 potions of lignification
 i - 5 potions of heal wounds
 j - 4 potions of agility
 u - 4 potions of invisibility
 v - 2 potions of resistance
 x - 4 potions of brilliance
 E - 8 potions of curing
 L - a potion of ambrosia
 N - a potion of haste
 P - 2 potions of cancellation
 W - a potion of might
Miscellaneous
 M - a phantom mirror
Comestibles
 c - 16 rations


   Skills:
 - Level 9.0 Fighting
 - Level 11.0 Dodging
 - Level 2.0 Stealth
 + Level 15.0 Spellcasting
 - Level 13.0 Conjurations
 + Level 16.8 Air Magic
 - Level 8.0 Invocations
 - Level 5.0 Evocations


You had 29 spell levels left.
You knew the following spells:

 Your Spells              Type           Power        Failure   Level  Hunger
a - Shock                 Conj/Air       ####         0%          1    None
b - Swiftness             Chrm/Air       ######..     1%          2    None
d - Airstrike             Air            #######...   1%          4    None
e - Lightning Bolt        Conj/Air       #######...   1%          5    ##.....
f - Summon Lightning Spi  Summ/Air       ######..     1%          4    None

Your spell library contained the following spells:

 Spells                   Type           Power        Failure   Level  Hunger
 Magic Dart               Conj           ####         0%          1    None
 Flame Tongue             Conj/Fire      #####        1%          1    None
 Poisonous Vapours        Pois/Air       ######       1%          2    None
 Searing Ray              Conj           ######       1%          2    None
 Throw Flame              Conj/Fire      ######       1%          2    None
 Throw Frost              Conj/Ice       ######       1%          2    None
 Conjure Flame            Conj/Fire      ######..     1%          3    None
 Dazzling Spray           Conj/Hex       ######       1%          3    None
 Mephitic Cloud           Conj/Pois/Air  #######.     1%          3    None
 Static Discharge         Conj/Air       #######.     1%          3    None
 Stone Arrow              Conj/Erth      ######       1%          3    None
 Iskenderun's Mystic Bla  Conj           #######.     1%          4    None
 Conjure Ball Lightning   Conj/Air       #######...   1%          6    #####..
 Force Lance              Conj/Tloc      ######..     2%          4    None
 Fulminant Prism          Conj/Hex       ######....   2%          4    None
 Sticky Flame             Conj/Fire      ######..     2%          4    None
 Throw Icicle             Conj/Ice       ######..     2%          4    None
 Animate Skeleton         Necr           N/A          3%          1    None
 Apportation              Tloc           ####..       3%          1    None
 Confusing Touch          Hex            ####..       3%          1    None
 Freeze                   Ice            ####         3%          1    None
 Sandblast                Erth           ####..       3%          1    None
 Summon Small Mammal      Summ           ####         3%          1    None
 Call Imp                 Summ           ####....     4%          2    None
 Passwall                 Tmut/Erth      ####....     4%          2    None
 Shroud of Golubria       Chrm/Tloc      ####..       4%          2    None
 Bolt of Draining         Conj/Necr      ######....   6%          5    ##.....
 Fireball                 Conj/Fire      ######....   6%          5    ##.....
 Irradiate                Conj/Tmut      ######....   6%          5    ##.....
 Iskenderun's Battlesphe  Conj/Chrm      ######..     6%          5    ##.....
 Venom Bolt               Conj/Pois      ######....   6%          5    ##.....
 Freezing Cloud           Conj/Ice/Air   #######...   9%          6    #####..
 Inner Flame              Hex/Fire       ####....     10%         3    None
 Ozocubu's Armour         Chrm/Ice       ####....     10%         3    None
 Recall                   Summ/Tloc      N/A          10%         3    None
 Orb of Destruction       Conj           #######...   14%         7    ######.
 Deflect Missiles         Chrm/Air       ######....   16%         6    #####..
 Petrify                  Tmut/Erth      ####....     32%         4    None
 Summon Ice Beast         Ice/Summ       ####....     32%         4    None
 Bolt of Fire             Conj/Fire      ######....   34%         6    #####..
 Iron Shot                Conj/Erth      ######....   34%         6    #####..
 Poison Arrow             Conj/Pois      ######....   34%         6    #####..
 Alistair's Intoxication  Tmut/Pois      ####....     67%         5    ##.....
 Aura of Abjuration       Summ           ####......   67%         5    ##.....
 Lee's Rapid Deconstruct  Erth           ####......   67%         5    ##.....
 Metabolic Englaciation   Hex/Ice        ####......   67%         5    ##.....
 Summon Demon             Summ           ####......   67%         5    ##.....
 Summon Forest            Summ/Tloc      ####......   67%         5    ##.....
 Summon Mana Viper        Hex/Summ       ####....     67%         5    ##.....
 Spellforged Servitor     Conj/Summ      ######....   89%         7    ######.
 Tornado                  Air            #######...   98%         9    #######
 Hydra Form               Tmut           ####......   99%         6    #####..
 Shadow Creatures         Summ           N/A          99%         6    #####..
 Ring of Flames           Chrm/Fire      ####......   100%        7    ######.


Dungeon Overview and Level Annotations

Branches:
Dungeon (15/15)            Temple (0/1) D:7            Lair (6/6) D:9
 Shoals (0/4) Lair:2        Snake (0/4) Lair:2        Slime (0/5) Lair:5
    Orc (0/2) D:9          Vaults (0/5) D:13          IceCv (visited)
 Depths: D:15

Altars:
Cheibriados
Elyvilon
Hepliaklqana
Qazlal
Ru
Sif Muna
Uskayaw
Vehumet
Wu Jian
Xom
The Shining One
Jiyva

Shops:
D:8 *   D:12 !

Annotations:
D:3 Sigmund
D:11 exclusion: downstairs
D:14 exclusion: Roxanne, Roxanne
Lair:5 exclusion: downstairs


Innate Abilities, Weirdness & Mutations

You have a beak for a mouth.
You have claws for feet.
You can fly continuously.


Message History

The centaur warrior hits you with a cursed -2 shortbow!
You fly upwards.
Level annotation: exclusion: Roxanne, Roxanne
There is a stone staircase leading down here.
You start resting.
Magic restored.
You fly downwards.
The centaur warrior shoots an arrow.
The arrow misses you.
The centaur warrior shoots an arrow.
The arrow hits you!!
There is a stone staircase leading up, spattered with blood here.
You see here 10 arrows.
Casting: Airstrike (safe; 1% risk of failure)
Confirm with . or Enter, or press ? or * to list all spells.
Aiming: Airstrike (safe; 1% risk of failure)
Press: ? - help, Dir - move target cursor, f - centaur warrior
Aim: a centaur warrior, wielding a -2 shortbow You feel a surge of power!
The air twists around and strikes the centaur warrior!
The centaur warrior is lightly wounded.
The centaur warrior shoots an arrow.
The arrow hits you.
A cyclops comes into view.
Casting: Airstrike (safe; 1% risk of failure)
Confirm with . or Enter, or press ? or * to list all spells.
Aiming: Lightning Bolt (safe; 1% risk of failure)
Press: ? - help, Shift-Dir - straight line, f/p - centaur warrior
Aim: a centaur warrior, wielding a -2 shortbow (lightly wounded)
You feel a surge of power!
You hear a mighty clap of thunder!
The bolt of lightning hits the centaur warrior.
The centaur warrior is moderately wounded.
You hear a roar!
The centaur warrior shoots an arrow.
The arrow hits you!
Casting: Lightning Bolt (safe; 1% risk of failure)
Confirm with . or Enter, or press ? or * to list all spells.
Aiming: Lightning Bolt (safe; 1% risk of failure)
Press: ? - help, Shift-Dir - straight line, f/p - centaur warrior
Aim: a centaur warrior, wielding a -2 shortbow (moderately wounded)
You feel a surge of power!
You hear a mighty clap of thunder!
The bolt of lightning misses the centaur warrior.
The cyclops throws a large rock.
The large rock completely misses you.
The centaur warrior shoots an arrow.
The arrow misses you.
Unknown command.
The centaur warrior shoots an arrow.
The arrow completely misses you.
The cyclops throws a large rock.
The large rock hits you!!!
* * * LOW HITPOINT WARNING * * *
The acid dragon spits acid at you. The splash of acid hits you.
* * * LOW HITPOINT WARNING * * *
You are splashed with acid!
You die...

.. C# # (# .
(#.# .#c#
...
≈≈#.####.#.#
≈≈.....@..†#
≈.#.####.#.#
.# .# .# .D
##


You could see a centaur warrior, a cyclops and an acid dragon.

Vanquished Creatures
  Frances (D:12)
  Kirke (D:12)
  Snorg (Lair:5)
  A fire dragon (Lair:6)
  A rakshasa (D:12)
  Josephine (D:13)
  8 hydras
  Harold (D:7)
  3 centaur warriors
  3 two-headed ogres
  A tengu warrior (D:13)
  Urug (D:12)
  Sonja (D:12)
  8 skeletal warriors
  A fire crab (Lair:6)
  A swamp dragon (Lair:6)
  2 lindwurms
  A phantasmal warrior (D:13)
  A necromancer (D:13)
  An orc knight (D:8)
  6 ugly things
  A wolf spider (Lair:6)
  3 deep elf magi
  An orc sorcerer (D:8)
  2 oklob plants (Lair:5)
  A manticore (shapeshifter) (D:13)
  4 cyclopes
  12 elephants
  4 torpor snails
  3 centaur zombies
  13 black mambas
  Psyche (D:8)
  A guardian serpent (Lair:6)
  11 spiny frogs
  10 komodo dragons
  3 rime drakes
  A freezing wraith (D:14)
  2 trolls
  5 hornets
  3 polar bears
  3 meliai (D:13)
  Grinder (D:5)
  27 blink frogs
  9 slime creatures
  A blink frog (shapeshifter) (D:13)
  4 dream sheep (Lair:4)
  A meliai zombie (D:14)
  16 hippogriffs
  2 shadows
  A redback (Lair:6)
  2 vampires
  9 wraiths
  9 wyverns
  9 basilisks
  60 yaks
  2 hungry ghosts
  2 steam dragons (Lair:6)
  14 wargs
  4 acid dragons
  Menkaure (D:6)
  20 water moccasins
  7 porcupines
  Duvessa (D:6)
  An eye of draining (D:13)
  16 orc warriors
  2 swamp drakes (Lair:6)
  13 ice beasts
  4 sky beasts
  5 black bears
  9 ogres
  7 wolves
  13 centaurs
  22 crocodiles
  4 big kobolds
  18 bullfrogs
  A wyvern zombie (D:11)
  10 scorpions
  A wyvern skeleton (D:15)
  Dowan (D:6)
  10 wights
  12 killer bees
  3 electric eels (D:9)
  8 howler monkeys
  4 bullfrog zombies
  10 crimson imps
  8 hounds
  2 quasits (D:11)
  A bullfrog skeleton (D:13)
  4 jellies
  Crazy Yiuf (D:5)
  8 orc priests
  A gnoll shaman (D:8)
  3 centaur skeletons
  17 orc wizards
  Natasha (D:2)
  8 iguanas
  12 worker ants
  A hound zombie (D:10)
  13 gnolls
  11 adders
  3 shadow imps
  3 oozes
  2 adder skeletons
  5 worms
  3 dart slugs
  5 leopard geckos
  110 orcs
  2 ball pythons (D:2)
  3 giant cockroaches
  14 goblins
  11 hobgoblins
  4 jackals (D:3)
  7 quokkas
  A ball python skeleton (D:4)
  5 bats
  5 frilled lizards
  A jackal skeleton (D:4)
  20 kobolds
  5 rats
  3 plants
808 creatures vanquished.

Vanquished Creatures (collateral kills)
  An elephant (Lair:1)
  A water moccasin (Lair:1)
2 creatures vanquished.

Vanquished Creatures (others)
  3 humans (D:12)
  A bush (D:9)
  38 fungi
  45 plants
87 creatures vanquished.

Grand Total: 897 creatures vanquished

Notes
Turn   | Place    | Note
-------+----------+-------------------------------------------
     0 | D:1      | Flugkiller the Tengu Air Elementalist began the quest for
                  | the Orb.
     0 | D:1      | Reached XP level 1. HP: 10/10 MP: 4/4
   299 | D:1      | Reached XP level 2. HP: 15/15 MP: 3/6
   674 | D:1      | Reached XP level 3. HP: 19/19 MP: 4/7
   728 | D:1      | Learned a level 2 spell: Swiftness
  1796 | D:2      | Found a glowing golden altar of the Shining One.
  1796 | D:2      | Found a hazy altar of Hepliaklqana.
  1798 | D:2      | Found a sacrificial altar of Ru.
  1826 | D:2      | Reached skill level 5 in Air Magic
  1842 | D:2      | Reached XP level 4. HP: 24/24 MP: 2/8
  1875 | D:2      | Became a worshipper of Ru the Awakened
  2039 | D:2      | Noticed Natasha
  2043 | D:2      | Killed Natasha
  2184 | D:2      | Found a shimmering altar of Xom.
  2395 | D:2      | Gained mutation: You can fly continuously. [Tengu growth]
  2395 | D:2      | Reached XP level 5. HP: 28/28 MP: 3/10
  2585 | D:2      | Found a shimmering blue altar of Sif Muna.
  2703 | D:2      | Fell from the grace of Ru
  2703 | D:2      | Became a worshipper of Sif Muna the Loreminder
  2845 | D:3      | Noticed Sigmund
  3309 | D:3      | Reached skill level 6 in Air Magic
  3815 | D:3      | Learned a level 4 spell: Airstrike
  4073 | D:3      | Reached * piety under Sif Muna
  4195 | D:4      | Reached XP level 6. HP: 32/32 MP: 5/11
  4196 | D:4      | Reached skill level 5 in Conjurations
  5198 | D:5      | Entered Level 5 of the Dungeon
  5341 | D:5      | Noticed Grinder
  5356 | D:5      | Reached skill level 7 in Air Magic
  5585 | D:5      | Killed Grinder
  5585 | D:5      | Reached XP level 7. HP: 36/36 MP: 0/13
  5975 | D:5      | Found a runed translucent door.
  5976 | D:5      | Noticed Crazy Yiuf
  6051 | D:5      | Reached skill level 8 in Air Magic
  6149 | D:5      | Reached skill level 16 in Air Magic
  6149 | D:5      | Reached XP level 8. HP: 41/41 MP: 14/14
  6210 | D:5      | Learned a level 5 spell: Lightning Bolt
  6566 | D:5      | Reached XP level 9. HP: 45/45 MP: 2/16
  6879 | D:5      | Killed Crazy Yiuf
  7037 | D:6      | Noticed Dowan
  7049 | D:6      | Killed Dowan
  7119 | D:6      | Noticed Duvessa
  7122 | D:6      | Killed Duvessa
  7303 | D:6      | Reached ** piety under Sif Muna
  7356 | D:6      | Noticed Menkaure
  7359 | D:6      | Killed Menkaure
  7706 | D:6      | Found an ornate altar of the Wu Jian Council.
  7841 | D:6      | Noticed a +0 hand axe
  7842 | D:6      | Noticed a +0 hand axe
  7861 | D:6      | Found a hide-covered altar of Uskayaw.
  8549 | D:7      | Found a staircase to the Ecumenical Temple.
  8585 | D:7      | Noticed Harold
  8614 | D:7      | Found a stormy altar of Qazlal.
  9471 | D:7      | Noticed a hornet
  9614 | D:7      | Killed Harold
  9614 | D:7      | Reached skill level 5 in Spellcasting
  9614 | D:7      | Reached skill level 10 in Conjurations
  9614 | D:7      | Reached XP level 10. HP: 50/50 MP: 7/18
 10129 | D:8      | Noticed Psyche
 10134 | D:8      | Killed Psyche
 10134 | D:8      | Reached skill level 1 in Fighting
 11031 | D:8      | Found Soquoh's General Store.
 11039 | D:8      | Bought a scroll of teleportation for 42 gold pieces
 11244 | D:8      | Found a radiant altar of Vehumet.
 11275 | D:8      | Found a snail-covered altar of Cheibriados.
 11452 | D:8      | Noticed an orc sorcerer
 11452 | D:8      | Noticed an orc knight
 11498 | D:8      | Killed an orc knight
 11498 | D:8      | Reached skill level 5 in Dodging
 11723 | D:8      | Reached XP level 11. HP: 60/60 MP: 2/21
 11738 | D:8      | Reached *** piety under Sif Muna
 12330 | D:8      | Killed an orc sorcerer
 12596 | D:8      | Reached skill level 5 in Fighting
 12880 | D:8      | Reached skill level 1 in Invocations
 14283 | D:8      | Noticed a deep elf mage
 14287 | D:8      | Killed a deep elf mage
 15426 | D:9      | Reached **** piety under Sif Muna
 17079 | D:9      | Found a staircase to the Orcish Mines.
 17172 | D:9      | Noticed a two-headed ogre
 17209 | D:9      | Killed a two-headed ogre
 17304 | D:9      | Noticed a cyclops
 17315 | D:9      | Reached skill level 5 in Invocations
 17622 | D:9      | Killed a cyclops
 17622 | D:9      | Reached XP level 12. HP: 68/68 MP: 7/25
 17728 | D:9      | Found a staircase to the Lair.
 18064 | Lair:1   | Entered Level 1 of the Lair of Beasts
 18064 | Lair:1   | Noticed a five-headed hydra
 18421 | Lair:1   | Killed a five-headed hydra
 19316 | Lair:2   | Reached ***** piety under Sif Muna
 19335 | Lair:2   | Found a staircase to the Snake Pit.
 20426 | Lair:2   | Found a staircase to the Shoals.
 20804 | Lair:2   | Received a gift from Sif Muna
 21321 | Lair:2   | Noticed a four-headed hydra
 21327 | Lair:2   | Killed a four-headed hydra
 21520 | Lair:3   | Found a frozen archway.
 21848 | IceCv    | Entered an ice cave
 22229 | Lair:3   | Reached XP level 13. HP: 57/74 MP: 20/26
 24116 | Lair:4   | Reached skill level 10 in Dodging
 24889 | Lair:4   | You are sucked into a shaft and drop 2 floors!
 24889 | Lair:6   | Entered Level 6 of the Lair of Beasts
 25228 | Lair:5   | Noticed Snorg
 25231 | Lair:5   | Killed Snorg
 25282 | Lair:5   | Found a viscous altar of Jiyva.
 25282 | Lair:5   | Found a staircase to the Slime Pits.
 25407 | Lair:5   | Reached skill level 1 in Evocations
 26407 | Lair:5   | Got a polished spear
 26408 | Lair:5   | Identified the +7 spear "Ydycod" {elec, *Noise rPois rN+++
                  | MR+} (You found it on level 5 of the Lair of Beasts)
 26594 | Lair:5   | Reached skill level 5 in Evocations
 28000 | Lair:6   | Reached XP level 14. HP: 64/86 MP: 5/27
 28373 | Lair:5   | Identified Sif Muna's Catalogue of Assistive Summoning (Sif
                  | Muna gifted it to you on level 5 of the Lair of Beasts)
 28373 | Lair:5   | Received a gift from Sif Muna
 29274 | Lair:5   | Upgraded the game from 0.24-a0-585-g5c5dc1b5cb to
                  | 0.24-a0-586-g8e0e932a4c
 29717 | Lair:6   | Reached skill level 10 in Spellcasting
 32049 | Lair:6   | Identified Sif Muna's Volume of Conjuration and
                  | Weightlessness (Sif Muna gifted it to you on level 6 of the
                  | Lair of Beasts)
 32049 | Lair:6   | Received a gift from Sif Muna
 33879 | D:10     | Entered Level 10 of the Dungeon
 34963 | D:10     | Reached XP level 15. HP: 68/90 MP: 13/31
 35371 | D:11     | Identified Zeliak's Handbook of Attacks (Sif Muna gifted it
                  | to you on level 11 of the Dungeon)
 35371 | D:11     | Received a gift from Sif Muna
 36880 | D:12     | Noticed Sonja
 36890 | D:12     | Killed Sonja
 37084 | D:12     | Noticed Urug
 37092 | D:12     | Killed Urug
 37118 | D:12     | Noticed Frances
 38047 | D:12     | Identified a scroll of acquirement
 38187 | D:12     | Noticed Kirke
 38194 | D:12     | Killed Kirke
 38554 | D:12     | Killed Frances
 38573 | D:12     | Found Botohexy's Distillery.
 38791 | D:12     | Bought a potion of haste for 160 gold pieces
 39255 | D:13     | Identified Sif Muna's Collected Works on the Glacier and
                  | Battle Magic (Sif Muna gifted it to you on level 13 of the
                  | Dungeon)
 39255 | D:13     | Received a gift from Sif Muna
 39408 | D:12     | Learned a level 4 spell: Summon Lightning Spire
 41004 | D:13     | Found a gate to the Vaults.
 41515 | D:14     | Noticed Josephine
 43351 | D:14     | Reached XP level 16. HP: 96/96 MP: 7/35
 43478 | D:13     | Killed Josephine
 43685 | D:14     | Found a white marble altar of Elyvilon.
 43808 | D:14     | Found a stormy altar of Qazlal.
 43824 | D:14     | Noticed Roxanne
 44066 | D:14     | Identified Sif Muna's Handbook of Gliding Shape Shifting
                  | (Sif Muna gifted it to you on level 14 of the Dungeon)
 44066 | D:14     | Received a gift from Sif Muna
 44326 | D:15     | Entered Level 15 of the Dungeon
 44354 | D:14     | Reached skill level 15 in Spellcasting
 44662 | D:15     | Splashed by an acid dragon's acid

Levels and vault maps discovered:
D:1:      minmay_arrival_hallway, layout_loops_corners
D:2:      layout_loops_ring, marbit_many_paths, lemuel_coloured_pillars_altar,
          gammafunk_temple_overflow_claw, uniq_natasha
D:3:      layout_loops_ring, uniq_sigmund
D:4:      layout_basic, cheibrodos_gnoll_hut
D:5:      layout_basic, first_ration, uniq_grinder, uniq_crazy_yiuf_cottage
D:6:      layout_gridville, dancing_weapons_uskayaw, lemuel_round_altar,
          nicolae_overflow_hidden_temple, uniq_duvessa, uniq_menkaure
D:7:      layout_loops_ring, nicolae_qazlal_general_emergency,
          minmay_temple_entry_trees, grunt_ministairs_7, uniq_harold
D:8:      lemuel_castle_with_subvaults [lemuel_castle_interior_original],
          layout_rooms, old_standard_altar, lemuel_round_altar, serial_shops,
          kennysheep_little_box, uniq_psyche
D:9:      layout_roguey, minmay_lair_entry_grove, david_orc_4, grunt_ogre_cave,
          kennysheep_boxes
D:10:     layout_basic, special_room [special_room_orc]
D:11:     layout_basic
D:12:     layout_basic, serial_shops, shop_fountains, uniq_kirke, uniq_sonja,
          uniq_frances, uniq_urug
D:13:     layout_basic, david_vaults_4, minmay_misc_feat_iff
D:14:     layout_cave_pools, serial_park_gazebo [serial_park_minivault_5x5_4],
          minmay_misc_feat_hallway, uniq_josephine, uniq_roxanne
D:15:     gammafunk_enter_depths_forms, layout_basic, basic_altar, serial_shops,
          nicolae_shop_waterfront
Lair:1:   layout_long_grid
Lair:2:   layout_layer_cave, shoals_dummy_entry, dummy_snake_entry,
          hibernation_bobbens
Lair:3:   layout_chaotic_city, portal_ice_cave_entry_ice_beasts,
          beast_lair_carwin_3
Lair:4:   layout_long_grid, infiniplex_staircase_pool_2, grunt_megastairs_5
Lair:5:   dpeg_oklob_gauntlet, layout_long_grid,
          dpeg_slime_entry_enclosed_altar, patterned_corridor, uniq_snorg
Lair:6:   hangedman_lair_tendril_chambers, layout_cave_shapes,
          guppyfry_lair_end_dragon, serial_rivers,
          chequers_serial_rivers_small_3, chequers_serial_rivers_small_a,
          chequers_serial_rivers_room_a, chequers_serial_rivers_micro_d

Skill      XL: |  1  2  3  4  5  6  7  8  9 10 11 12 13 14 15 16 |
---------------+-------------------------------------------------+-----
Conjurations   | 2 3 4 6 7 10 13 | 13.0
Air Magic      | 5 6 7 16 | 16.8
Spellcasting   | 3 4 5 6 8 11 14 15 | 15.0
Fighting       | 3 5 6 9 |  9.0
Dodging        | 5 9 11 | 11.0
Invocations    | 5 8 |  8.0
Evocations     | 5 |  5.0
Stealth        | |  2.0

Action                   |  1- 3 |  4- 6 |  7- 9 | 10-12 | 13-15 | 16-18 || total
-------------------------+-------+-------+-------+-------+-------+-------++-------
Melee: Unarmed           |       |     1 |       |       |       |       ||     1
       Dagger            |       |       |    17 |    68 |    13 |       ||    98
       Kick              |       |       |     5 |    15 |    35 |       ||    55
       Peck              |       |       |       |     4 |    22 |       ||    26
       Spear             |       |       |       |       |   189 |     5 ||   194
 Cast: Shock             |    73 |   148 |    98 |   367 |   214 |     1 ||   901
       Airstrike         |       |     7 |    35 |   173 |   563 |    21 ||   799
       Lightning Bolt    |       |       |     8 |    96 |   236 |    24 ||   364
       Summon Lightning  |       |       |       |       |     1 |     2 ||     3
 Abil: Fly               |       |     1 |       |       |       |       ||     1
Evoke: Wand              |       |     1 |       |     9 |     5 |       ||    15
  Use: Scroll            |     3 |     8 |     3 |    13 |     9 |       ||    36
       Potion            |       |       |     1 |     1 |       |       ||     2
 Stab: Sleeping          |       |       |     1 |       |     1 |       ||     2
       Confused          |       |       |       |     1 |       |       ||     1
       Paralysed         |       |       |       |       |     3 |       ||     3
  Eat: Chunk             |     4 |    11 |    18 |    61 |    88 |     2 ||   184
       Ration            |       |       |     1 |     6 |     9 |     1 ||    17
Armor: Robe              |     1 |    10 |    16 |    37 |    74 |     4 ||   142
Dodge: Dodged            |     5 |    33 |    19 |   219 |   583 |    18 ||   877

Table legend:
 A = Non-vault XP
 B = Vault XP
 C = Vault XP percentage of total XP
 D = Non-vault monster count
 E = Vault monster count
 F = Vault count percentage of total count
                 A         B        C        D         E       F
            +---------+---------+-------+---------+---------+-------
      Total |   96443 |   40327 |  29.5 |     595 |     212 |  26.3
            +---------+---------+-------+---------+---------+-------
        D:1 |      44 |       0 |   0.0 |      27 |       0 |   0.0
        D:2 |     145 |      37 |  20.3 |      30 |       2 |   6.2
        D:3 |      85 |       0 |   0.0 |      24 |       0 |   0.0
        D:4 |     147 |     102 |  41.0 |      14 |       3 |  17.6
        D:5 |     496 |     318 |  39.1 |      15 |       2 |  11.8
        D:6 |     416 |     364 |  46.7 |      14 |       3 |  17.6
        D:7 |    1260 |    1947 |  60.7 |      23 |       7 |  23.3
        D:8 |    1391 |    4921 |  78.0 |      27 |      61 |  69.3
        D:9 |    3590 |    2246 |  38.5 |      40 |      26 |  39.4
       D:10 |    2930 |     227 |   7.2 |      30 |      20 |  40.0
       D:11 |    6222 |       0 |   0.0 |      60 |       0 |   0.0
       D:12 |    5669 |    5704 |  50.2 |      24 |       4 |  14.3
       D:13 |   14288 |    4245 |  22.9 |      65 |       9 |  12.2
       D:14 |   12022 |     422 |   3.4 |      33 |       2 |   5.7
       D:15 |    1758 |       0 |   0.0 |       6 |       0 |   0.0
     Lair:1 |    5643 |       0 |   0.0 |      26 |       0 |   0.0
     Lair:2 |    5159 |     468 |   8.3 |      23 |       1 |   4.2
     Lair:3 |    4856 |    1681 |  25.7 |      16 |      12 |  42.9
     Lair:4 |    5565 |    2003 |  26.5 |      16 |       7 |  30.4
     Lair:5 |    9415 |    2212 |  19.0 |      35 |       3 |   7.9
     Lair:6 |   15342 |   13430 |  46.7 |      47 |      50 |  51.5
            +---------+---------+-------+---------+---------+-------
